 Dungeon Crawl Stone Soup version 0.30-a0-218-gedb9141078 (webtiles) character file.

Game seed: 10640924619172503447

12 Aibolit the Trooper (level 2, 27/27 HPs)
             Began as a Minotaur Fighter on Oct 5, 2022.
             Quit the game on level 1 of the Dungeon.
             The game lasted 00:03:26 (931 turns).

Aibolit the Trooper (Minotaur Fighter)               Turns: 931, Time: 00:03:26

Health: 27/27      AC: 11    Str: 20    XL:     2   Next: 20%
Magic:  1/1        EV:  8    Int:  5    God:
Gold:   53         SH: 17    Dex: 12    Spells: 1/1 levels left

rFire   . . .      SeeInvis .    (no weapon)
rCold   + . .      Faith    .    i - +9 kite shield of Indomitability {-Tele Fly rC+ rCorr Dex+3}
rNeg    . . .      Spirit   .    b - +0 scale mail
rPois   +          Reflect  .    (helmet restricted)
rElec   .          Harm     .    (no cloak)
rCorr   +          Rampage  .    (no gloves)
Will    .....      NoTele   +    (no boots)
Stlth   ..........               (no amulet)
HPRegen 0.24/turn                h - ring of poison resistance
MPRegen 0.07/turn                j - +4 ring of protection

@: flying
A: horns 2, retaliatory headbutt
a: no special abilities


You were on level 1 of the Dungeon.
You visited 1 branch of the dungeon, and saw 2 of its levels.

You collected 53 gold pieces.

Inventory:

Hand Weapons
 c - a +0 great sword of protection
Armour
 b - a +0 scale mail (worn)
 i - the +9 kite shield of Indomitability (worn) {-Tele Fly rC+ rCorr Dex+3}
   (You acquired it on level 2 of the Dungeon)

   Dex:       It affects your dexterity (+3).
   rC:        It protects you from cold.
   Fly:       It grants you flight.
   -Tele:     It prevents most forms of teleportation.
   rCorr:     It protects you from acid and corrosion.
Jewellery
 h - a ring of poison resistance (left hand)
 j - a +4 ring of protection (right hand)
Potions
 d - a potion of might
 e - a potion of curing {unknown}
 g - a potion of heal wounds {unknown}


   Skills:
 + Level 4.0 Fighting
 + Level 2.5 Axes
 + Level 3.9 Armour
 + Level 3.8 Shields


You had one spell level left.
You didn't know any spells.
Your spell library was empty.

Dungeon Overview and Level Annotations

Branches:
Dungeon (2/15)

Altars:


Innate Abilities, Weirdness & Mutations

You have a pair of horns on your head.
You reflexively headbutt those who attack you in melee.


Message History

You see here a frilled lizard corpse.
Something appears at your feet!
j - a +4 ring of protection
There are no objects that can be picked up here. a frilled lizard corpse A worm comes into view.
There is a stone staircase leading up here.
You climb upwards.
There is a stone staircase leading down here.
HP restored.
You see here a +0 dagger.
Press: ? - help, . - travel You can't see that place. [the floor.]
j - a +4 ring of protection (right hand)
You start removing your armour.
You continue taking off your +0 buckler. x4
You finish taking off your +0 buckler.
You start putting on your armour.
You continue putting on the +9 kite shield of Indomitability {-Tele Fly rC+ rCorr Dex+3}. x5
You finish putting on the +9 kite shield of Indomitability {-Tele Fly rC+ rCorr Dex+3}.
You feel agile.
You fly up into the air.
You drop a +0 buckler.
Unknown command.
Something appears at your feet!
c - a +0 great sword of protection You can't wield that with only one hand.
You are now empty-handed.
You drop a +0 war axe.
There is a stone staircase leading down here.
You don't know any spells.
You don't know any spells.
Unknown command.
You can't wield that with only one hand.
Unknown command.
You can't wield that with only one hand.
Done exploring.
Unknown command.
Unknown command.
Are you sure you want to abandon this character and quit the game? (Confirm with "yes".)

#.# #.# ####.##########.#
#............##.#
#.##.##.####.##.#
#.##.##.####.##.# ###############
#.##......##.#... ..#......)....#
#.....#.#....)..#
#.#.#########.###.###.#.####....#
#.#.# ##>..@.# #...).....###
....# #......###..#####...# #.###
#.###.......# #...# #.#
######.###.#...#.# #...# ..#
#......##........# #...# #####
#......##........#####...## ....#
#.......................... .##.#
#.......................... .##.#
#....).###......#......^...


There were no monsters in sight!

Vanquished Creatures
  A dart slug (D:1)
  An endoplasm (D:1)
  2 goblins (D:1)
  2 hobgoblins (D:1)
  A bat (D:1)
  2 frilled lizards
  A kobold (D:1)
  A rat (D:1)
11 creatures vanquished.

Notes
Turn   | Place    | Note
-------+----------+-------------------------------------------
     0 | D:1      | Aibolit the Minotaur Fighter began the quest for the Orb.
     0 | D:1      | Reached XP level 1. HP: 19/19 MP: 0/0
   197 | D:1      | Reached XP level 2. HP: 27/27 MP: 1/1
   244 | D:1      | Reached skill level 4 in Fighting
   721 | D:2      | Identified 3 scrolls of acquirement
   721 | D:2      | Acquired the +9 kite shield of Indomitability {-Tele Fly
                  | rC+ rCorr Dex+3}
   741 | D:2      | Acquired a +4 ring of protection
   888 | D:1      | Acquired a +0 great sword of protection
   931 | D:1      | Quit the game

Illustrated notes

Levels and vault maps discovered:
D:1:      ncdulo_watergridlock, layout_loops_cross, minivault_27
D:2:      minmay_thinvault, layout_basic, ebering_ecumenical_altar_abandoned,
          kennysheep_generic_room_5, uniq_terence, uniq_crazy_yiuf_cottage

Skill      XL: |  1  2 |
---------------+-------+-----
Fighting       | 4 |  4.0
Axes           | |  2.5
Armour         | |  3.9
Shields        | |  3.8

Action                   || total
-------------------------++-------
Melee: War axe           ||    30
       Headbutt          ||     1
  Use: Scroll            ||     3
Armor: Scale mail        ||    14
Dodge: Dodged            ||     8
Block: Buckler           ||     7

Table legend: (Time is in decaauts)
 A = Elapsed time spent in this place.
 B = Non-inter-level travel time spent in this place.
 C = Inter-level travel time spent in this place.
 D = Time resting spent in this place.
 E = Time spent auto-exploring this place.
 F = Levels seen in this place.
 G = Mean time per level.
                   A        B        C        D        E       F      G
               +--------+--------+--------+--------+--------+-----+--------+
         Total |    943 |    732 |    211 |      0 |    616 |   2 |  471.5 |
       Dungeon |    943 |    732 |    211 |      0 |    616 |   2 |  471.5 |
               +--------+--------+--------+--------+--------+-----+--------+

Top non-repeatable levels by time:
     D:1: 911 daAuts
     D:2: 32 daAuts
